EVO
WASHINGTON STATE UNIVERSITY COUGARS @ UNIVERSITY OF ILLINOIS FIGHTING ILLINI
11/17/2047
 
TOP OF THE 1ST
Wichita State University Shockers batting - Pitching for Oklahoma State University Cowboys : RHP Jason Maki
Pitching: RHP Jason Maki
Batting: RHB Ryan LeSueur 0-0: Ball
1-0: Called Strike
1-1: Swinging Strike
1-2: Strikes out looking
Batting: RHB Adam McMillen 0-0: Called Strike
0-1: Ball
1-1: Foul Ball, location: 2F
1-2: Strikes out looking
Batting: RHB David Bousfield 0-0: Fly out, F4 (Popup, 34S, EV 90.6 MPH)
Top of the 1st over - 0 runs, 0 hits, 0 errors, 0 left on base; Wichita State University 0 - Oklahoma State University 0
BOTTOM OF THE 1ST
Oklahoma State University Cowboys batting - Pitching for Wichita State University Shockers : LHP Randolph Main
Pitching: LHP Randolph Main
Batting: RHB Settan Nakamura 0-0: Ball
1-0: Called Strike
1-1: Bunt missed!
1-2: Ball
2-2: Foul Ball, location: 2F
2-2: Foul Ball, location: 2F
2-2: Fly out, F9 (Flyball, 9, EV 81.9 MPH)
Batting: SHB Mel Gonzalez 0-0: Ball
1-0: Called Strike
1-1: Foul Ball, location: 2F
1-2: Foul Ball, location: 2F
1-2: Foul Ball, location: 2F
1-2: Foul Ball, location: 2F
1-2: Fly out, F8 (Flyball, 89M, EV 91.9 MPH)
Batting: RHB Ben Saxton 0-0: Fly out, F7 (Flyball, 7LM, EV 87.5 MPH)
Bottom of the 1st over - 0 runs, 0 hits, 0 errors, 0 left on base; Wichita State University 0 - Oklahoma State University 0
TOP OF THE 2ND
Wichita State University Shockers batting - Pitching for Oklahoma State University Cowboys : RHP Jason Maki
Batting: RHB Juan Nieves 0-0: Ball
1-0: Foul Ball, location: 2F
1-1: Called Strike
1-2: Ball
2-2: Ball
3-2: Foul Ball, location: 2F
3-2: DOUBLE (Flyball, 7LD, EV 91.9 MPH)
Pitching: RHP Chang-wei Quian
Batting: LHB Simon Barry 0-0: Ball
1-0: Ball
2-0: Foul Ball, location: 2F
2-1: Foul Ball, location: 2F
2-2: SINGLE (Groundball, 25, EV 69.4 MPH) (infield hit)
Juan Nieves to third
Pinch Runner at 1st Tony Gonzales:
Batting: LHB Henry Huezo 0-0: Ball
Tony Gonzales is caught stealing 2nd base 2-6
1-0: Ground out U3 (Groundball, 3, EV 101.9 MPH)
Batting: RHB Juan Mercado 0-0: Foul Ball, location: 2F
0-1: Ball
1-1: Swinging Strike
1-2: Ball
2-2: Strikes out swinging
Top of the 2nd over - 0 runs, 2 hits, 0 errors, 1 left on base; Wichita State University 0 - Oklahoma State University 0
BOTTOM OF THE 2ND
Oklahoma State University Cowboys batting - Pitching for Wichita State University Shockers : LHP Randolph Main
Now at 3B: Tony Gonzales
Batting: LHB Rafael Banda 0-0: Called Strike
0-1: Ball
1-1: Foul Ball, location: 2F
1-2: Strikes out looking
Batting: RHB Masakuni Takeuchi 0-0: Called Strike
0-1: Foul Ball, location: 2F
0-2: Ball
1-2: Fly out, F9 (Flyball, 9S, EV 83.1 MPH)
Batting: RHB Ji-an See-to 0-0: Called Strike
0-1: Foul Ball, location: 2F
0-2: Strikes out swinging
Bottom of the 2nd over - 0 runs, 0 hits, 0 errors, 0 left on base; Wichita State University 0 - Oklahoma State University 0
TOP OF THE 3RD
Wichita State University Shockers batting - Pitching for Oklahoma State University Cowboys : RHP Chang-wei Quian
Batting: RHB Aaron Sartini 0-0: Ground out 5-3 (Groundball, 25, EV 89.4 MPH)
Batting: LHB Andrew Moore 0-0: Fly out, F5 (Flyball, 56D, EV 91.2 MPH)
Batting: RHB Ryan LeSueur 0-0: Called Strike
0-1: Foul Ball, location: 2F
0-2: Strikes out swinging
Top of the 3rd over - 0 runs, 0 hits, 0 errors, 0 left on base; Wichita State University 0 - Oklahoma State University 0
BOTTOM OF THE 3RD
Oklahoma State University Cowboys batting - Pitching for Wichita State University Shockers : LHP Randolph Main
Batting: LHB Vecdi Ertegun 0-0: Ball
1-0: SINGLE (Line Drive, 8RS, EV 113.1 MPH)
Batting: RHB Pedro Luera 0-0: Fly out, F8 (Flyball, 78D, EV 85.6 MPH)
Batting: LHB Gong Tow 0-0: Ball
1-0: Fielders Choice at 2nd, 4-6 (Groundball, 34, EV 85.6 MPH)
Batting: RHB Settan Nakamura 0-0: Swinging Strike
0-1: Ball
1-1: Foul Ball, location: 2F
1-2: Ball
2-2: Foul Ball, location: 2F
2-2: Fly out, F9 (Flyball, 89S, EV 86.9 MPH)
Bottom of the 3rd over - 0 runs, 1 hit, 0 errors, 1 left on base; Wichita State University 0 - Oklahoma State University 0
TOP OF THE 4TH
Wichita State University Shockers batting - Pitching for Oklahoma State University Cowboys : RHP Chang-wei Quian
Batting: RHB Adam McMillen 0-0: Ball
1-0: Foul Ball, location: 2F
1-1: Swinging Strike
1-2: Strikes out swinging
Batting: RHB David Bousfield 0-0: Ball
1-0: Foul Ball, location: 2F
1-1: Called Strike
1-2: Ball
2-2: Ball
3-2: Base on Balls
Batting: RHB Juan Nieves 0-0: Foul Ball, location: 2F
0-1: Fly out, F9 (Line Drive, 9LM, EV 96.2 MPH)
Pitching: RHP Tahir Montazeri
Batting: RHB Tony Gonzales 0-0: Ball
1-0: Ball
2-0: Ball
3-0: Base on Balls
David Bousfield to second
Batting: LHB Henry Huezo 0-0: Called Strike
0-1: Ball
1-1: Swinging Strike
1-2: Ball
2-2: Strikes out looking
Top of the 4th over - 0 runs, 0 hits, 0 errors, 2 left on base; Wichita State University 0 - Oklahoma State University 0
BOTTOM OF THE 4TH
Oklahoma State University Cowboys batting - Pitching for Wichita State University Shockers : LHP Randolph Main
Batting: SHB Mel Gonzalez 0-0: Ball
1-0: Foul Ball, location: 2F
1-1: Ground out 5-3 (Groundball, 56S, EV 66.9 MPH)
Batting: RHB Ben Saxton 0-0: Ball
1-0: Fly out, F9 (Flyball, 9LSF, EV 90.6 MPH)
Batting: LHB Rafael Banda 0-0: Ball
1-0: Ball
2-0: Ball
3-0: Base on Balls
Batting: RHB Masakuni Takeuchi 0-0: Ball
1-0: Foul Ball, location: 2F
1-1: Swinging Strike
1-2: Strikes out swinging
Bottom of the 4th over - 0 runs, 0 hits, 0 errors, 1 left on base; Wichita State University 0 - Oklahoma State University 0
TOP OF THE 5TH
Wichita State University Shockers batting - Pitching for Oklahoma State University Cowboys : RHP Tahir Montazeri
Batting: RHB Juan Mercado 0-0: Foul Ball, location: 2F
0-1: Ground out U3 (Groundball, 34, EV 105.0 MPH)
Batting: RHB Aaron Sartini 0-0: Ball
1-0: Called Strike
1-1: Ball
2-1: Called Strike
2-2: Strikes out swinging
Batting: LHB Andrew Moore 0-0: Called Strike
0-1: Foul Ball, location: 2F
0-2: Foul Ball, location: 2F
0-2: Ball
1-2: Foul Ball, location: 2F
1-2: Foul Ball, location: 2F
1-2: Strikes out swinging
Top of the 5th over - 0 runs, 0 hits, 0 errors, 0 left on base; Wichita State University 0 - Oklahoma State University 0
BOTTOM OF THE 5TH
Oklahoma State University Cowboys batting - Pitching for Wichita State University Shockers : LHP Randolph Main
Batting: RHB Ji-an See-to 0-0: Ball
1-0: Foul Ball, location: 2F
1-1: Called Strike
1-2: Ball
2-2: Strikes out swinging
Batting: LHB Vecdi Ertegun 0-0: Ball
1-0: Fly out, F8 (Flyball, 78M, EV 88.1 MPH)
Batting: RHB Pedro Luera 0-0: Ground out 5-3 (Groundball, 5, EV 85.0 MPH)
Bottom of the 5th over - 0 runs, 0 hits, 0 errors, 0 left on base; Wichita State University 0 - Oklahoma State University 0
TOP OF THE 6TH
Wichita State University Shockers batting - Pitching for Oklahoma State University Cowboys : RHP Tahir Montazeri
Batting: RHB Ryan LeSueur 0-0: Foul Ball, location: 2F
0-1: Foul Ball, location: 2F
0-2: SOLO HOME RUN (Flyball, 78XD, EV 113.8 MPH), Distance : 447 ft
Batting: RHB Adam McMillen 0-0: Ball
1-0: Ball
2-0: Ball
3-0: Base on Balls
Pitching: RHP Franck Basset
Batting: RHB David Bousfield 0-0: Ball
1-0: Foul Ball, location: 2F
1-1: Fly out, F4 (Popup, 4M, EV 61.9 MPH)
Batting: RHB Juan Nieves 0-0: Ball
1-0: Swinging Strike
1-1: 2-RUN HOME RUN (Flyball, 7LD, EV 98.8 MPH), Distance : 367 ft
Batting: RHB Tony Gonzales 0-0: Foul Ball, location: 2F
0-1: Ball
1-1: Ball
2-1: Swinging Strike
2-2: Ground out 4-3 (Groundball, 34, EV 78.8 MPH)
Batting: LHB Henry Huezo 0-0: Ground out 1-3 (Groundball, 13S, EV 69.4 MPH)
Top of the 6th over - 3 runs, 2 hits, 0 errors, 0 left on base; Wichita State University 3 - Oklahoma State University 0
BOTTOM OF THE 6TH
Oklahoma State University Cowboys batting - Pitching for Wichita State University Shockers : LHP Randolph Main
Batting: LHB Gong Tow 0-0: Called Strike
0-1: DOUBLE (Groundball, 5L, EV 100.0 MPH)
Batting: RHB Settan Nakamura 0-0: Ball
1-0: Ground out 5-3 (Groundball, 5L, EV 82.5 MPH)
Batting: SHB Mel Gonzalez 0-0: Ball
1-0: Foul Ball, location: 2F
1-1: Foul Ball, location: 2F
1-2: Ball
2-2: Foul Ball, location: 2F
2-2: Ball
3-2: Base on Balls
Batting: RHB Ben Saxton 0-0: Foul Ball, location: 2F
0-1: Ball
1-1: SINGLE (Groundball, 4S, EV 73.8 MPH) (infield hit)
Gong Tow to third
Mel Gonzalez to second
Batting: LHB Rafael Banda 0-0: Swinging Strike
0-1: Ball
1-1: Fly out, F9 (Flyball, 89S, EV 91.2 MPH)
Batting: RHB Masakuni Takeuchi 0-0: Ball
1-0: Called Strike
1-1: Ball
2-1: Foul Ball, location: 2F
2-2: Fielders Choice at 2nd, 6-4 (Groundball, 6, EV 101.9 MPH)
Bottom of the 6th over - 0 runs, 2 hits, 0 errors, 3 left on base; Wichita State University 3 - Oklahoma State University 0
TOP OF THE 7TH
Wichita State University Shockers batting - Pitching for Oklahoma State University Cowboys : RHP Franck Basset
Pitching: RHP Chris Nightingale
Batting: RHB Juan Mercado 0-0: Called Strike
0-1: Ball
1-1: Foul Ball, location: 2F
1-2: Ball
2-2: Strikes out looking
Batting: RHB Aaron Sartini 0-0: Called Strike
0-1: Fly out, F8 (Line Drive, 8LD, EV 93.1 MPH)
Batting: LHB Andrew Moore 0-0: Called Strike
0-1: Swinging Strike
0-2: Strikes out swinging
Top of the 7th over - 0 runs, 0 hits, 0 errors, 0 left on base; Wichita State University 3 - Oklahoma State University 0
BOTTOM OF THE 7TH
Oklahoma State University Cowboys batting - Pitching for Wichita State University Shockers : LHP Randolph Main
Pitching: RHP Cortez Restrepo
Batting: RHB Ji-an See-to 0-0: Swinging Strike
0-1: Swinging Strike
0-2: Ball
1-2: Foul Ball, location: 2F
1-2: Ball
2-2: Fly out, F8 (Flyball, 8RM, EV 94.4 MPH)
Batting: LHB Vecdi Ertegun 0-0: Called Strike
0-1: Ball
1-1: Ball
2-1: Ball
3-1: Foul Ball, location: 2F
3-2: Foul Ball, location: 2F
3-2: Base on Balls
Batting: RHB Pedro Luera 0-0: Swinging Strike
0-1: Called Strike
0-2: Ball
1-2: Ball
2-2: Strikes out swinging
Batting: LHB Gong Tow 0-0: Called Strike
0-1: Ball
1-1: Ground out 6-3 (Groundball, 6MS, EV 75.6 MPH)
Bottom of the 7th over - 0 runs, 0 hits, 0 errors, 1 left on base; Wichita State University 3 - Oklahoma State University 0
TOP OF THE 8TH
Wichita State University Shockers batting - Pitching for Oklahoma State University Cowboys : RHP Chris Nightingale
Pitching: RHP Bin Li
Batting: RHB Ryan LeSueur 0-0: Called Strike
0-1: Swinging Strike
0-2: Foul Ball, location: 2F
0-2: SINGLE (Groundball, 4MD, EV 105.6 MPH)
Batting: RHB Adam McMillen 0-0: Called Strike
0-1: Sac Bunt to 15 - play at first, batter OUT! 1-3
Ryan LeSueur to second
Batting: RHB David Bousfield 0-0: Swinging Strike
0-1: Ball
1-1: Foul Ball, location: 2F
1-2: Foul Ball, location: 2F
1-2: Ball
2-2: Fly out, F8 (Flyball, 8RXD, EV 80.6 MPH)
Runner from 2nd tags up, SAFE at 3rd, no throw by CF
Batting: RHB Juan Nieves 0-0: SINGLE (Line Drive, 7S, EV 105.6 MPH)
Ryan LeSueur scores
Batting: RHB Tony Gonzales 0-0: Ball
1-0: Ball
2-0: Called Strike
2-1: DOUBLE (Flyball, 89D, EV 95.6 MPH)
Juan Nieves to third
Batting: LHB Henry Huezo 0-0: Ball
1-0: Ball
2-0: Ball
3-0: Called Strike
3-1: Called Strike
3-2: Fly out, F4 (Popup, 4M, EV 63.8 MPH)
Top of the 8th over - 1 run, 3 hits, 0 errors, 2 left on base; Wichita State University 4 - Oklahoma State University 0
BOTTOM OF THE 8TH
Oklahoma State University Cowboys batting - Pitching for Wichita State University Shockers : RHP Cortez Restrepo
Pinch Hitting: RHB Mennad Maalik 0-0: Ball
1-0: Ball
2-0: Swinging Strike
2-1: Ground out 4-3 (Groundball, 34, EV 98.1 MPH)
Batting: SHB Mel Gonzalez 0-0: Ball
1-0: Called Strike
1-1: Swinging Strike
1-2: Ball
2-2: Ball
3-2: Ground out 1-3 (Groundball, P, EV 71.2 MPH)
Batting: RHB Ben Saxton 0-0: Called Strike
0-1: SINGLE (Line Drive, 7S, EV 99.4 MPH)
Pitching: RHP Fikre Taalib
Batting: LHB Rafael Banda 0-0: Called Strike
0-1: Foul Ball, location: 2F
0-2: Ball
1-2: Foul Ball, location: 2F
1-2: Ball
2-2: Ball
3-2: Foul Ball, location: 2F
3-2: Foul Ball, location: 2F
3-2: Foul Ball, location: 2F
3-2: SINGLE (Line Drive, 8RS, EV 98.8 MPH)
Ben Saxton to second
Ben Saxton to third
Batting: RHB Masakuni Takeuchi 0-0: Swinging Strike
0-1: Called Strike
0-2: Ball
1-2: Strikes out swinging
Bottom of the 8th over - 0 runs, 2 hits, 0 errors, 2 left on base; Wichita State University 4 - Oklahoma State University 0
TOP OF THE 9TH
Wichita State University Shockers batting - Pitching for Oklahoma State University Cowboys : RHP Bin Li
Pitching: RHP Yorinobu Matsumoto
Now at 2B: Ivan Torres
Batting: RHB Oscar Mora 0-0: Ball
1-0: Foul Ball, location: 2F
1-1: Foul Ball, location: 2F
1-2: Foul Ball, location: 2F
1-2: Ball
2-2: Foul Ball, location: 2F
2-2: Strikes out looking
Pinch Hitting: RHB Mick Vaught 0-0: Called Strike
0-1: Swinging Strike
0-2: Ball
1-2: Strikes out swinging
Batting: LHB Andrew Moore 0-0: Ball
1-0: Foul Ball, location: 2F
1-1: Ball
2-1: Ball
3-1: Foul Ball, location: 2F
3-2: Strikes out swinging
Top of the 9th over - 0 runs, 0 hits, 0 errors, 0 left on base; Wichita State University 4 - Oklahoma State University 0
BOTTOM OF THE 9TH
Oklahoma State University Cowboys batting - Pitching for Wichita State University Shockers : RHP Fikre Taalib
Pitching: LHP Brian Gardner
Now in RF: Perry Renouf
Batting: RHB Ji-an See-to 0-0: Foul Ball, location: 2F
0-1: Ball
1-1: Ball
2-1: Fly out, F6 (Popup, P, EV 84.4 MPH)
Batting: LHB Vecdi Ertegun 0-0: Called Strike
0-1: Foul Ball, location: 2F
0-2: DOUBLE (Line Drive, 78XD, EV 108.8 MPH)
Pinch Hitting: RHB Armando Moreno 0-0: Reached on error, E6 (Groundball, 56, EV 87.5 MPH)
Vecdi Ertegun scores
Batting: LHB Gong Tow 0-0: Called Strike
0-1: Ball
1-1: Called Strike
1-2: Foul Ball, location: 2F
1-2: Strikes out swinging
Batting: RHB Ivan Torres 0-0: Ball
1-0: Ball
2-0: SINGLE (Groundball, 6MD, EV 94.4 MPH)
Armando Moreno to third
Pinch Hitting: LHB Jose Peralez 0-0: Ball
1-0: Ball
2-0: Called Strike
2-1: Fly out, F8 (Flyball, 8LD, EV 93.8 MPH)
Bottom of the 9th over - 1 run, 2 hits, 1 error, 2 left on base; Wichita State University 4 - Oklahoma State University 1
Thursday, December 15th , 2022 - OOTP Baseball 23.9 Build 102